 Dungeon Crawl Stone Soup version 0.29.0-13-gc9e81de378 (webtiles) character file.

Game seed: 2074986843411897458

3836 trckry the Frost Mage (level 10, 0/76 HPs)
             Began as a Barachi Ice Elementalist on Sept 9, 2022.
             Slain by a troll (6 damage)
             ... on level 7 of the Dungeon.
             The game lasted 00:24:09 (8499 turns).

trckry the Frost Mage (Barachi Ice Elementalist)    Turns: 8499, Time: 00:24:09

Health: 0/76       AC: 20    Str:  9    XL:     10   Next: 18%
Magic:  14/19      EV: 14    Int: 27    God:
Gold:   497        SH:  0    Dex: 12    Spells: 14/21 levels left

rFire   + . .      SeeInvis .   t - +1 flail (protect)
rCold   . . .      Faith    .   (no shield)
rNeg    . . .      Spirit   .   j - +1 robe {rF+}
rPois   .          Reflect  .   (no helmet)
rElec   .          Harm     .   (no cloak)
rCorr   .          Rampage  .   (no gloves)
Will    .....                   (no boots)
Stlth   ++........              (no amulet)
HPRegen 0.22/turn               C - ring of wizardry
MPRegen 0.16/turn               F - +6 ring of intelligence

@: ice-armoured, under a protective aura, freezing walls, slow
A: amphibious, slowness 1, strong legs 1, +LOS
a: Hop


You were on level 7 of the Dungeon.
You visited 1 branch of the dungeon, and saw 7 of its levels.

You collected 497 gold pieces.

Inventory:

Hand Weapons
 t - a +1 flail of protection (weapon)
 J - the +8 spear "Mungabb" {vorpal, rPois rF- Str+3 Int+3}
   (You took it off an orc priest on level 7 of the Dungeon)

   It inflicts extra damage upon your enemies.
   Str:       It affects your strength (+3).
   Int:       It affects your intelligence (+3).
   rF:        It makes you vulnerable to fire.
   rPois:     It protects you from poison.
Missiles
 e - a throwing net (quivered)
Armour
 j - a +1 robe of fire resistance (worn)
 y - a +0 robe of positive energy
Magical Staves
 z - a staff of conjuration
Jewellery
 q - a ring of protection from fire
 w - a +4 ring of slaying
 x - a +6 ring of strength
 C - a ring of wizardry (left hand)
 F - a +6 ring of intelligence (right hand)
Wands
 m - a wand of paralysis (10)
 A - a wand of iceblast (14)
Scrolls
 d - 3 scrolls of blinking {unknown}
 g - 2 scrolls of poison {unknown}
 h - 8 scrolls of identify {unknown}
 k - 3 scrolls of enchant weapon {unknown}
 l - a scroll of fog {unknown}
 n - 2 scrolls of amnesia {unknown}
 o - 2 scrolls of noise {unknown}
 p - a scroll of silence {unknown}
 r - 5 scrolls of teleportation {unknown}
 v - 3 scrolls of enchant armour {unknown}
 H - a scroll of vulnerability {unknown}
 I - a scroll of magic mapping {unknown}
Potions
 a - a potion of mutation {unknown}
 b - 2 potions of magic
 c - a potion of invisibility {unknown}
 f - a potion of flight {unknown}
 i - 3 potions of might {unknown}
 s - 2 potions of berserk rage {unknown}
 u - a potion of lignification {unknown}
 B - 3 potions of curing {unknown}
 D - a potion of resistance {unknown}
 E - a potion of cancellation {unknown}
 G - 2 potions of ambrosia {unknown}


   Skills:
 - Level 6.0 Fighting
 + Level 6.5 Armour
 + Level 6.5 Dodging
 - Level 1.7 Stealth
 - Level 6.0 Spellcasting
 - Level 12.0 Ice Magic


You had 14 spell levels left.
You knew the following spells:

 Your Spells              Type           Power      Damage    Failure   Level
a - Freeze                Ice            100%       1d11      1%          1
b - Frozen Ramparts       Ice            100%       1d16      1%          3
c - Ozocubu's Armour      Ice            64%        N/A       1%          3

Your spell library contained the following spells:

 Spells                   Type           Power      Damage    Failure   Level
 Hailstorm                Conj/Ice       40%        3d10      2%          4


Dungeon Overview and Level Annotations

Branches:
Dungeon (7/15) Zot: 26073
 Temple: D:4-7

Altars:
Fedhas
Hepliaklqana
Makhleb
Okawaru


Innate Abilities, Weirdness & Mutations

You are amphibious.
You cover ground slowly.
You can hop short distances.
You have an extended range of vision and can be seen from far away.


Message History

The wall freezes the orc wizard.
You kill the orc wizard!
The frozen ramparts melt away.
A troll comes into view.
You regained 12 hp, and now have 53/76 hp.
MP restored: 19
Casting: Frozen Ramparts (safe; 1% risk of failure)
Confirm with . or Enter, or press ? or * to list all spells.
Casting: Frozen Ramparts (safe; 1% risk of failure)
Press: ? - help, Dir - look around, f - activate The walls around you are covered in ice.
The troll shouts!
You now have 16/19 mp.
Your +1 flail of protection hums with potential!
t - a +1 flail of protection (weapon)
Casting: Frozen Ramparts (safe; 1% risk of failure)
Confirm with . or Enter, or press ? or * to list all spells.
A film of ice covers your body!
You now have 13/19 mp.
The wall freezes the troll!
You hit the troll.
Your weapon exudes an aura of protection.
The troll is moderately wounded.
The wall freezes the troll.
The troll bites you. The troll claws you. The troll completely misses you.
The wall freezes the troll.
The troll bites you! The troll completely misses you. The troll claws you!
You take 23 damage, and have 31/76 hp.
MASSIVE DAMAGE!!
You hit the troll but do no damage. You punch the troll, but do no damage.
The troll is heavily wounded.
The wall freezes the troll!
The troll barely misses you. The troll claws you!
The troll completely misses you.
You take 8 damage, and have 23/76 hp.
You thump the troll!
The troll is almost dead.
The wall freezes the troll.
The troll bites you!
* * * LOW HITPOINT WARNING * * *
The troll claws you!
* * * LOW HITPOINT WARNING * * *
The troll claws you.
You die...

.......###..#...##...#.......
..#..# #...........#.#..... #
...... ##....##.....#....#..
#.......##...####.#........##.
#... #.......##.#..........##.
#....#......# #...............
...........# ##...#......##...
...........###T..##.....###...
...........†)@#.###.....###.#.
...........#...........###..##
.........####..###.#....##...# .#
........## ##.##.^#.(..##....
............# ###..............##
....##......###....#.....#.##..#.
.... ##..................####....
....###..................#. ##...
.....#...............##....###.##


You could see a troll.

Vanquished Creatures
  A hydra (D:7)
  Joseph (D:7)
  Sigmund (D:5)
  Edmund (D:5)
  A water moccasin (D:7)
  Duvessa (D:5)
  2 orc warriors
  2 ice beasts (D:6)
  2 black bears
  2 sky beasts (D:7)
  A centaur (D:6)
  3 phantoms (D:5)
  2 bullfrogs
  Blork the orc (D:4)
  2 necrophages
  Dowan (D:5)
  2 howler monkeys
  3 hounds
  3 orc priests
  A gnoll bouda (D:5)
  2 jellies
  Jessica (D:2)
  6 iguanas
  6 orc wizards
  15 gnolls
  12 adders
  A shadow imp (D:6)
  2 white imps (D:7)
  An ufetubus (D:6)
  2 worms
  2 dart slugs (D:4)
  26 orcs
  8 endoplasms
  4 giant cockroaches
  12 goblins
  10 hobgoblins
  13 kobolds
  4 quokkas
  3 ball pythons
  A bat (D:3)
  4 frilled lizards
  3 rats
171 creatures vanquished.

Vanquished Creatures (others)
  22 plants
22 creatures vanquished.

Grand Total: 193 creatures vanquished

Notes
Turn   | Place    | Note
-------+----------+-------------------------------------------
     0 | D:1      | trckry the Barachi Ice Elementalist began the quest for the
                  | Orb.
     0 | D:1      | Reached XP level 1. HP: 13/13 MP: 3/3
    51 | D:1      | Reached skill level 5 in Ice Magic
   360 | D:1      | Reached XP level 2. HP: 16/19 MP: 3/5
   634 | D:1      | Reached XP level 3. HP: 24/24 MP: 4/6
   638 | D:1      | Learned a level 3 spell: Frozen Ramparts
   687 | D:1      | Reached skill level 6 in Ice Magic
  1471 | D:2      | Found a burning altar of Makhleb.
  1555 | D:2      | Noticed Jessica
  1566 | D:2      | Killed Jessica
  1567 | D:2      | Reached XP level 4. HP: 28/30 MP: 2/7
  1571 | D:2      | Learned a level 3 spell: Ozocubu's Armour
  1589 | D:2      | Reached skill level 7 in Ice Magic
  1843 | D:2      | Reached XP level 5. HP: 25/35 MP: 1/8
  2347 | D:2      | Found a faded altar of an unknown god.
  2603 | D:3      | Reached skill level 8 in Ice Magic
  3512 | D:4      | Reached XP level 6. HP: 35/41 MP: 9/9
  3661 | D:4      | Noticed Blork the orc
  3761 | D:4      | Reached skill level 9 in Ice Magic
  3768 | D:4      | Killed Blork the orc
  4147 | D:4      | Found an iron altar of Okawaru.
  4176 | D:4      | Noticed a black bear
  4182 | D:4      | Killed a black bear
  4183 | D:4      | Reached skill level 1 in Armour
  4183 | D:4      | Reached XP level 7. HP: 47/47 MP: 3/10
  4185 | D:4      | Reached skill level 1 in Fighting
  4562 | D:5      | Entered Level 5 of the Dungeon
  4566 | D:5      | Reached skill level 10 in Ice Magic
  4924 | D:5      | Noticed Duvessa
  4924 | D:5      | Noticed Dowan
  4937 | D:5      | Killed Dowan
  4939 | D:5      | Killed Duvessa
  4940 | D:5      | Reached XP level 8. HP: 38/57 MP: 6/12
  5598 | D:5      | Noticed Edmund
  5605 | D:5      | Noticed Sigmund
  5611 | D:5      | Killed Sigmund
  5611 | D:5      | Killed Edmund
  5612 | D:5      | Reached skill level 11 in Ice Magic
  6313 | D:6      | Found a hazy altar of Hepliaklqana.
  6361 | D:6      | Reached XP level 9. HP: 60/65 MP: 15/15
  6878 | D:6      | Found a blossoming altar of Fedhas.
  7450 | D:6      | Reached skill level 5 in Dodging
  7643 | D:7      | Noticed Joseph
  7699 | D:7      | Noticed a four-headed hydra
  7711 | D:7      | Killed a four-headed hydra
  7712 | D:7      | Reached skill level 5 in Fighting
  7712 | D:7      | Reached skill level 5 in Armour
  7712 | D:7      | Reached skill level 5 in Spellcasting
  7712 | D:7      | Reached skill level 12 in Ice Magic
  7879 | D:7      | Identified the +8 spear "Mungabb" {vorpal, rPois rF- Str+3
                  | Int+3}
  8100 | D:7      | Killed Joseph
  8101 | D:7      | Reached XP level 10. HP: 53/76 MP: 11/19
  8499 | D:7      | HP: 6/76 [troll (10)]
  8499 | D:7      | Slain by a troll

Illustrated notes

Levels and vault maps discovered:
D:1:      roderic_dead_forest, layout_loops_ring
D:2:      layout_loops_ring, basic_altar, shapermc_ecumenical_altar_acropolis,
          minmay_surrounded, uniq_jessica
D:3:      layout_basic, chequers_jeans
D:4:      minmay_chambers_of_threes, layout_rooms, marbit_many_paths,
          uniq_blork_the_orc
D:5:      layout_loops_ring, uniq_edmund, uniq_sigmund, uniq_duvessa
D:6:      minmay_angry_zag, layout_basic, nicolae_hepliaklqana_hazy_memory,
          fedhas_ov_isle_minmay
D:7:      minmay_chambers_of_sixes, layout_cave_pools,
          minmay_temple_entry_poolview, minmay_checkerbox, uniq_joseph

Skill      XL: |  1  2  3  4  5  6  7  8  9 10 |
---------------+-------------------------------+-----
Ice Magic      | 5 6 7 8 9 10 11 12 | 12.0
Armour         | 1 2 3 5 6 |  6.5
Fighting       | 2 3 5 6 |  6.0
Dodging        | 3 4 6 |  6.5
Spellcasting   | 3 4 6 |  6.0
Stealth        | |  1.7

Action                   |  1- 3 |  4- 6 |  7- 9 | 10-12 || total
-------------------------+-------+-------+-------+-------++-------
Melee: Short sword       |     3 |    12 |       |       ||    15
       Spear             |       |    90 |       |    10 ||   100
       Punch             |       |     2 |     5 |     2 ||     9
       Flail             |       |    10 |   148 |    10 ||   168
Throw: Throwing net      |     1 |       |       |       ||     1
 Cast: Freeze            |    37 |     3 |       |       ||    40
       Frozen Ramparts   |     3 |    19 |    39 |     7 ||    68
       Ozocubu's Armour  |       |     3 |    11 |     2 ||    16
 Abil: Hop               |       |       |     1 |       ||     1
 Stab: Sleeping          |       |     4 |     2 |       ||     6
       Distracted        |       |     1 |       |       ||     1
Armor: Robe              |     3 |    29 |    53 |       ||    85
Dodge: Dodged            |    14 |    66 |   103 |    12 ||   195
